 Dungeon Crawl Stone Soup version 0.23.1 (webtiles) character file.

Game seed: 14708396409855425466

4421 Kairos the Covert (level 10, -4/51 HPs)
             Began as a Vine Stalker Assassin on Mar 10, 2019.
             Was a Follower of Uskayaw.
             Slain by a hippogriff (7 damage)
             ... on level 8 of the Dungeon.
             The game lasted 00:11:44 (6872 turns).

Kairos the Covert (Vine Stalker Assassin)           Turns: 6872, Time: 00:11:45

Health: -4/51      AC:  7    Str: 14    XL:     10   Next: 36%
Magic:  0/12       EV: 18    Int: 11    God:    Uskayaw [*.....]
Gold:   224        SH:  7    Dex: 24    Spells: 8/9 levels left

rFire    + . .     SeeInvis .   l - +2 dagger (venom)
rCold    . . .     Gourm    .   J - +2 buckler
rNeg     . . .     Faith    .   j - +0 ring mail {rF+}
rPois    .         Spirit   +   (no helmet)
rElec    .         Reflect  .   d - +0 cloak
rCorr    .         Harm     .   (no gloves)
MR       +....                  (no boots)
Stlth    +++++.....             (no amulet)
HPRegen  0.57/turn              (no ring)
MPRegen  0.13/turn              (no ring)

@: agile, slowed, very slow
A: fangs 3, regeneration 1, magic shield, antimagic bite, no potion heal 3, rot
immunity
a: Stomp, Renounce Religion


You were on level 8 of the Dungeon.
You worshipped Uskayaw.
Uskayaw was noncommittal.
You were not hungry.

You visited 2 branches of the dungeon, and saw 9 of its levels.

You collected 368 gold pieces.
You spent 144 gold pieces at shops.

Inventory:

Hand Weapons
 a - a +4 dagger
 b - a +0 blowgun
 l - a +2 dagger of venom (weapon)
 F - a +2 short sword of freezing
 H - a +1 short sword of venom
Missiles
 e - 70 poisoned needles
 f - 2 curare-tipped needles
 w - a throwing net (quivered)
Armour
 d - a +0 cloak (worn)
 j - a +0 ring mail of fire resistance (worn)
 J - a +2 buckler (worn)
Jewellery
 r - an uncursed ring of fire
Wands
 u - a wand of paralysis (8)
 y - a wand of iceblast (17)
Scrolls
 i - a scroll of amnesia
 k - 2 scrolls of immolation
 m - 3 scrolls of fog
 q - 2 scrolls of blinking
 v - 4 scrolls of remove curse
 A - a scroll of enchant armour {unknown}
 B - a scroll of brand weapon {unknown}
 D - a scroll of fear
 E - a scroll of enchant weapon
 G - 2 scrolls of magic mapping {unknown}
Potions
 c - a potion of flight {unknown}
 h - 2 potions of berserk rage {unknown}
 n - 2 potions of agility
 o - 2 potions of curing
 p - a potion of cancellation {unknown}
 s - 2 potions of brilliance {unknown}
 t - 5 potions of heal wounds {unknown}
 x - 3 potions of might {unknown}
 z - a potion of degeneration {unknown}
 C - a potion of resistance {unknown}
Comestibles
 g - 12 rations
 I - 3 chunks of flesh


   Skills:
 + Level 5.0 Fighting
 + Level 7.4 Short Blades
 + Level 1.8 Throwing
 + Level 6.0 Armour
 + Level 4.1 Dodging
 + Level 10.1 Stealth
 * Level 1.8 Invocations
 + Level 0.1 Evocations


You had 8 spell levels left.
You knew the following spells:

 Your Spells              Type           Power        Failure   Level  Hunger
a - Confusing Touch       Hex            #.....       75%         1    ##.....

Your spell library contained the following spells:

 Spells                   Type           Power        Failure   Level  Hunger
 Confuse                  Hex            #.......     98%         3    ####...
 Gell's Gravitas          Tloc           #.........   98%         3    ####...
 Petrify                  Tmut/Erth      #.......     100%        4    #####..
 Metabolic Englaciation   Hex/Ice        #.........   100%        5    ######.
 Yara's Violent Unravell  Hex/Tmut       #.........   100%        5    ######.


Dungeon Overview and Level Annotations

Branches:
Dungeon (7/15)             Temple (1/1) D:6

Altars:
Ashenzari
Cheibriados
Dithmenos
Fedhas
Hepliaklqana
Kikubaaqudgha
Nemelex Xobeh
Sif Muna
Trog
Uskayaw
Vehumet
Xom
Yredelemnul
Zin
The Shining One

Shops:
D:4 (


Innate Abilities, Weirdness & Mutations

You have razor-sharp teeth.
Your natural rate of healing is unusually fast.
When hurt, damage is shared between your health and your magic reserves.
Your bite disrupts and absorbs the magic of your enemies.
Potions cannot restore your health.
You are immune to rotting.


Message History

The hornet is almost dead.
The hornet stings you!
You suddenly lose the ability to move!
You feel sick. The hornet stings you!
You feel as though you will be slow longer.
The hornet stings you.
You shrug off the repeated paralysis!
The hornet stings you!
* * * LOW HITPOINT WARNING * * *
You are more poisoned.
You feel as though you will be slow longer.
You can move again.
You closely miss the hornet. Your bite misses the hornet.
The hornet is almost dead.
You feel sick.
You kill the hornet!
It was a potion of curing.
Your system rejects the healing.
You feel better. The orc hits you with a +4 short sword.
* * * LOW HITPOINT WARNING * * *
You feel agile all of a sudden. The hippogriff bites you!
You die...

#.....o.# #.# ###
#.####### #.#
##........ ..#
#.######## #.#
#.....# #.# #.###.#
#o###.# #.#
#.########Hooo.#
####.#
#........@###o.#
..)#.###########.# o#
##.#.##....# #... ..
##.#....##.# ###.# ..
##.#######.# .# .#
##.........#######..
.
.....................
################...
..


You could see a hippogriff and 4 orcs.

Vanquished Creatures
  Pikel (D:5)
  A hornet (D:8)
  Prince Ribbit (D:6)
  A hippogriff (D:7)
  Sigmund (D:5)
  A hungry ghost (D:7)
  Menkaure (D:4)
  Edmund (D:6)
  An ice beast (D:6)
  A black bear (D:7)
  2 sky beasts
  An orc warrior (D:7)
  A phantom (D:7)
  3 slaves (D:5)
  4 ogres
  3 centaurs
  3 bullfrogs
  3 scorpions
  5 wights
  A howler monkey (D:4)
  3 crimson imps
  A quasit (D:7)
  A bullfrog zombie (D:5)
  2 hounds
  A jelly (D:5)
  2 orc priests
  A centaur skeleton (D:4)
  Ijyb (D:4)
  An iguana (D:4)
  Natasha (thrice) (D:3)
  5 orc wizards
  9 worker ants
  A hound skeleton (D:5)
  6 adders
  6 gnolls
  A shadow imp (D:5)
  3 adder skeletons
  A worm (D:5)
  3 dart slugs
  5 leopard geckos
  52 orcs
  A ball python (D:6)
  5 giant cockroaches
  7 goblins
  9 hobgoblins
  5 jackals
  2 kobolds (D:3)
  3 quokkas
  3 bats (D:1)
  5 frilled lizards
  A leopard gecko zombie (D:6)
  A quokka skeleton (D:5)
  14 rats
200 creatures vanquished.

Notes
Turn   | Place    | Note
-------+----------+-------------------------------------------
     0 | D:1      | Kairos the Vine Stalker Assassin began the quest for the
                  | Orb.
     0 | D:1      | Reached XP level 1. HP: 11/11 MP: 2/2
    35 | D:1      | Reached skill level 5 in Stealth
    54 | D:1      | Reached XP level 2. HP: 14/15 MP: 3/3
   341 | D:1      | Reached XP level 3. HP: 18/18 MP: 4/4
   705 | D:2      | Found a shimmering altar of Xom.
   959 | D:2      | Found a hazy altar of Hepliaklqana.
  1184 | D:2      | Reached skill level 6 in Stealth
  1184 | D:2      | Gained mutation: Your natural rate of healing is unusually
                  | fast. [Vine Stalker growth]
  1184 | D:2      | Reached XP level 4. HP: 23/23 MP: 5/5
  1330 | D:3      | Noticed Natasha
  1344 | D:3      | Killed Natasha
  1344 | D:3      | Reached skill level 1 in Dodging
  1385 | D:3      | Reached XP level 5. HP: 15/26 MP: 6/6
  1388 | D:3      | Reached skill level 1 in Armour
  1410 | D:3      | Found a faded altar of an unknown god.
  1561 | D:3      | Noticed a moth of wrath
  1565 | D:3      | Found a bloodstained altar of Trog.
  1566 | D:3      | Noticed Natasha
  1607 | D:3      | Killed Natasha
  1659 | D:3      | Noticed Natasha
  1661 | D:3      | Killed Natasha
  1715 | D:3      | Learned a level 1 spell: Confusing Touch
  1715 | D:3      | Found a glowing silver altar of Zin.
  1730 | D:3      | Reached XP level 6. HP: 26/30 MP: 7/7
  1754 | D:3      | Found a shadowy altar of Dithmenos.
  1842 | D:3      | Reached skill level 7 in Stealth
  1909 | D:3      | Found an ancient bone altar of Kikubaaqudgha.
  1958 | D:3      | Found a bloodstained altar of Trog.
  2278 | D:4      | Noticed Menkaure
  2282 | D:4      | Killed Menkaure
  2375 | D:4      | Reached XP level 7. HP: 34/35 MP: 8/8
  2642 | D:4      | Noticed Ijyb
  2656 | D:4      | Killed Ijyb
  2908 | D:4      | Found Hyf Gyon's Weapon Shop.
  2919 | D:4      | Bought a +2 dagger of venom for 144 gold pieces
  3292 | D:5      | Entered Level 5 of the Dungeon
  3405 | D:5      | Noticed Sigmund
  3422 | D:5      | Killed Sigmund
  3422 | D:5      | Reached skill level 5 in Short Blades
  3422 | D:5      | Gained mutation: You have razor-sharp teeth. [Vine Stalker
                  | growth]
  3422 | D:5      | Reached XP level 8. HP: 27/40 MP: 9/9
  3549 | D:5      | Found a shattered altar of Ashenzari.
  3997 | D:5      | Reached skill level 8 in Stealth
  4277 | D:5      | Noticed a hippogriff
  4508 | D:6      | Noticed Pikel
  4550 | D:6      | Noticed Edmund
  4553 | D:6      | Noticed Prince Ribbit
  4559 | D:6      | Killed Edmund
  4559 | D:6      | Reached XP level 9. HP: 38/45 MP: 7/10
  4707 | D:5      | Killed Pikel
  4707 | D:5      | Reached skill level 9 in Stealth
  4730 | D:6      | Killed Prince Ribbit
  4884 | D:6      | Found a staircase to the Ecumenical Temple.
  4893 | Temple   | Entered the Ecumenical Temple
  4999 | Temple   | Became a worshipper of Uskayaw the Reveler
  5101 | D:6      | Reached * piety under Uskayaw
  5365 | D:6      | Reached ** piety under Uskayaw
  5406 | D:6      | Found a basalt altar of Yredelemnul.
  5681 | D:6      | Reached skill level 5 in Armour
  5684 | D:6      | Reached *** piety under Uskayaw
  5688 | D:6      | Reached **** piety under Uskayaw
  5693 | D:6      | Reached ***** piety under Uskayaw
  6206 | D:7      | Reached XP level 10. HP: 28/51 MP: 11/11
  6242 | D:7      | Found a blossoming altar of Fedhas.
  6500 | D:7      | Reached skill level 1 in Invocations
  6668 | D:7      | You fall through a shaft!
  6704 | D:8      | Reached skill level 5 in Fighting
  6788 | D:8      | Reached skill level 10 in Stealth
  6861 | D:8      | Paralysed by a hornet for 3 turns
  6867 | D:8      | Paralysed by a hornet for 2 turns
  6871 | D:8      | HP: 2/51 [orc/+4 short sword (5)]
  6872 | D:8      | Slain by a hippogriff

Skill      XL: |  1  2  3  4  5  6  7  8  9 10 |
---------------+-------------------------------+-----
Stealth        | 5 6 7 8 9 10 | 10.1
Short Blades   | 2 3 5 7 |  7.4
Fighting       | 2 3 4 5 |  5.0
Dodging        | 1 2 3 4 |  4.1
Armour         | 1 2 4 5 6 |  6.0
Invocations    | 1 |  1.8
Throwing       | |  1.8
Evocations     | |  0.1

Action                   |  1- 3 |  4- 6 |  7- 9 | 10-12 || total
-------------------------+-------+-------+-------+-------++-------
Melee: Dagger            |    67 |   137 |   366 |   157 ||   727
       Bite              |    12 |    34 |   148 |    60 ||   254
Evoke: Wand              |       |       |     1 |       ||     1
  Use: Scroll            |     1 |     4 |     4 |       ||     9
       Potion            |       |     1 |       |     2 ||     3
 Stab: Sleeping          |    14 |     6 |    14 |     2 ||    36
       Distracted        |       |     1 |       |       ||     1
       Paralysed         |       |       |     3 |     5 ||     8
  Eat: Chunk             |       |     4 |     6 |     4 ||    14
       Ration            |       |       |     2 |       ||     2
Armor: Ring mail         |    20 |    45 |    77 |    44 ||   186
Dodge: Dodged            |    20 |    87 |   163 |    64 ||   334
Block: Buckler           |       |       |       |     3 ||     3
